A+ CENTRAL
WEST MICHIGAN WHITECAPS @ BELOIT SNAPPERS
05/31/2042
 
TOP OF THE 1ST
West Michigan Whitecaps batting - Pitching for Beloit Snappers : RHP Juan García
Pitching: RHP Juan García
Batting: RHB José Peña 0-0: Called Strike
0-1: Called Strike
0-2: Ball
1-2: Strikes out swinging, 2-3 out at first.
Batting: RHB Jim MacIntosh 0-0: Called Strike
0-1: Ball
1-1: Called Strike
1-2: Ground out 5-3 (Groundball, 5D, EV 94.4 MPH)
Batting: SHB Jesús Fernández 0-0: Called Strike
0-1: Fly out, F7 (Flyball, 78S, EV 84.4 MPH)
Top of the 1st over - 0 runs, 0 hits, 0 errors, 0 left on base; West Michigan 0 - Beloit 0
BOTTOM OF THE 1ST
Beloit Snappers batting - Pitching for West Michigan Whitecaps : RHP Jorge López
Pitching: RHP Jorge López
Batting: LHB Alfredo Ramos 0-0: Called Strike
0-1: Swinging Strike
0-2: Strikes out looking
Batting: RHB Norberto Costello 0-0: Called Strike
0-1: Foul Ball, location: 2RF
0-2: Foul Ball, location: 2F
0-2: Ball
1-2: Strikes out swinging
Batting: RHB Merlin Lucas 0-0: Ball
1-0: Ball
2-0: Ball
3-0: Called Strike
3-1: Ground out 5-3 (Groundball, 56, EV 88.1 MPH)
Bottom of the 1st over - 0 runs, 0 hits, 0 errors, 0 left on base; West Michigan 0 - Beloit 0
TOP OF THE 2ND
West Michigan Whitecaps batting - Pitching for Beloit Snappers : RHP Juan García
Batting: RHB Dave Stratford 0-0: Called Strike
0-1: Foul Ball, location: 23F
0-2: Foul Ball, location: 2F
0-2: Ball
1-2: Ground out 6-3 (Groundball, 6, EV 83.8 MPH)
Batting: RHB Jeremy Myrick 0-0: Foul Ball, location: 9LDF
0-1: Ground out 5-3 (Groundball, 56, EV 85.6 MPH)
Batting: SHB Ed Murray 0-0: Ball
1-0: Ball
2-0: Foul Ball, location: 7LDF
2-1: Foul Ball, location: 7LMF
2-2: Foul Ball, location: 9LSFF
2-2: Foul Ball, location: 3FF
2-2: DOUBLE (Flyball, 78D, EV 99.4 MPH)
Batting: RHB José Garza 0-0: Called Strike
0-1: Called Strike
0-2: Ball
1-2: Ground out 4-3 (Groundball, 4, EV 93.1 MPH)
Top of the 2nd over - 0 runs, 1 hit, 0 errors, 1 left on base; West Michigan 0 - Beloit 0
BOTTOM OF THE 2ND
Beloit Snappers batting - Pitching for West Michigan Whitecaps : RHP Jorge López
Batting: RHB Reggie Webster 0-0: Swinging Strike
0-1: Called Strike
0-2: Strikes out looking
Batting: RHB Ben Schneider 0-0: Swinging Strike
0-1: Ball
1-1: SINGLE (Line Drive, 4MD, EV 97.5 MPH)
Batting: LHB Manny Huertas 0-0: Foul Ball, location: 2F
0-1: Swinging Strike
0-2: Ball
1-2: Strikes out swinging
Batting: RHB Freddy Murphy 0-0: Foul Ball, location: 2F
0-1: Foul Ball, location: 7LSF
0-2: Foul Ball, location: 9LDF
0-2: Ball
1-2: Strikes out swinging
Bottom of the 2nd over - 0 runs, 1 hit, 0 errors, 1 left on base; West Michigan 0 - Beloit 0
TOP OF THE 3RD
West Michigan Whitecaps batting - Pitching for Beloit Snappers : RHP Juan García
Batting: RHB Dave LeBlanc 0-0: Ball
1-0: Called Strike
1-1: Called Strike
1-2: Strikes out looking
Batting: RHB Jesús Pérez 0-0: Ball
1-0: Ground out 5-3 (Groundball, 56S, EV 62.5 MPH)
Batting: RHB José Peña 0-0: Ball
1-0: Ground out 6-3 (Groundball, 6, EV 86.9 MPH)
Top of the 3rd over - 0 runs, 0 hits, 0 errors, 0 left on base; West Michigan 0 - Beloit 0
BOTTOM OF THE 3RD
Beloit Snappers batting - Pitching for West Michigan Whitecaps : RHP Jorge López
Batting: RHB Caleb Wright 0-0: Called Strike
0-1: Foul Ball, location: 2F
0-2: Strikes out swinging
Batting: RHB Tetsuhiko Okubo 0-0: Ball
1-0: Swinging Strike
1-1: Ground out 5-3 (Groundball, 5L, EV 85.0 MPH)
Batting: LHB Alfredo Ramos 0-0: Ground out 4-3 (Groundball, 4, EV 83.1 MPH)
Bottom of the 3rd over - 0 runs, 0 hits, 0 errors, 0 left on base; West Michigan 0 - Beloit 0
TOP OF THE 4TH
West Michigan Whitecaps batting - Pitching for Beloit Snappers : RHP Juan García
Batting: RHB Jim MacIntosh 0-0: Ball
1-0: Ball
2-0: Foul Ball, location: 5FF
2-1: Ground out 3-1 (Groundball, 34, EV 103.8 MPH)
Batting: SHB Jesús Fernández 0-0: Ball
1-0: Ball
2-0: Ball
3-0: Base on Balls
Batting: RHB Dave Stratford 0-0: Called Strike
0-1: Foul Ball, location: 25F
0-2: Ball
1-2: Foul Ball, location: 25F
1-2: Ball
2-2: Ball
3-2: DOUBLE (Flyball, 8RXD, EV 94.4 MPH)
Jesús Fernández to third
Runner from 3rd tries for Home, SAFE, throw by CF to trailing runner, SAFE at third!
Batting: RHB Jeremy Myrick 0-0: Ball
1-0: 2-RUN HOME RUN (Flyball, 9D, EV 98.1 MPH), Distance : 364 ft
Batting: SHB Ed Murray 0-0: Ball
1-0: Foul Ball, location: 5F
1-1: Ball
2-1: SINGLE (Groundball, 6MD, EV 97.5 MPH)
Batting: RHB José Garza 0-0: Swinging Strike
0-1: Foul Ball, location: 2F
0-2: Foul Ball, location: 2F
0-2: Ball
1-2: Ball
2-2: Ball
3-2: Strikes out swinging
Batting: RHB Dave LeBlanc 0-0: Swinging Strike
0-1: Ball
1-1: Ground out 4-3 (Groundball, 4, EV 88.1 MPH)
Top of the 4th over - 3 runs, 3 hits, 0 errors, 1 left on base; West Michigan 3 - Beloit 0
BOTTOM OF THE 4TH
Beloit Snappers batting - Pitching for West Michigan Whitecaps : RHP Jorge López
Batting: RHB Norberto Costello 0-0: Swinging Strike
0-1: Ball
1-1: Foul Ball, location: 25FF
1-2: Ball
2-2: Strikes out swinging
Batting: RHB Merlin Lucas 0-0: DOUBLE (Flyball, 9D, EV 110.0 MPH)
Batting: RHB Reggie Webster 0-0: Called Strike
0-1: Ground out 6-3 (Groundball, 6, EV 90.6 MPH)
Batting: RHB Ben Schneider 0-0: Ground out 6-3 (Groundball, 6MD, EV 110.0 MPH)
Bottom of the 4th over - 0 runs, 1 hit, 0 errors, 1 left on base; West Michigan 3 - Beloit 0
TOP OF THE 5TH
West Michigan Whitecaps batting - Pitching for Beloit Snappers : RHP Juan García
Batting: RHB Jesús Pérez 0-0: Ball
1-0: SOLO HOME RUN (Flyball, 7D, EV 96.3 MPH), Distance : 361 ft
Batting: RHB José Peña 0-0: Called Strike
0-1: Swinging Strike
0-2: Ball
1-2: Ball
2-2: Foul Ball, location: 2F
2-2: Ground out 6-3 (Groundball, 56, EV 106.9 MPH)
Batting: RHB Jim MacIntosh 0-0: Swinging Strike
0-1: Ball
1-1: Ball
2-1: Fly out, F8 (Flyball, 8LXD, EV 111.9 MPH)
Batting: SHB Jesús Fernández 0-0: Fly out, F8 (Flyball, 8RD, EV 110.0 MPH)
Top of the 5th over - 1 run, 1 hit, 0 errors, 0 left on base; West Michigan 4 - Beloit 0
BOTTOM OF THE 5TH
Beloit Snappers batting - Pitching for West Michigan Whitecaps : RHP Jorge López
Batting: LHB Manny Huertas 0-0: Fly out, F7 (Flyball, 78D, EV 91.3 MPH)
Batting: RHB Freddy Murphy 0-0: Swinging Strike
0-1: Swinging Strike
0-2: Fly out, F3 (Popup, 3SF, EV 83.1 MPH)
Batting: RHB Caleb Wright 0-0: Ball
1-0: Called Strike
1-1: Foul Ball, location: 5FF
1-2: Ball
2-2: Foul Ball, location: 5FF
2-2: Strikes out swinging
Bottom of the 5th over - 0 runs, 0 hits, 0 errors, 0 left on base; West Michigan 4 - Beloit 0
TOP OF THE 6TH
West Michigan Whitecaps batting - Pitching for Beloit Snappers : RHP Juan García
Batting: RHB Dave Stratford 0-0: Called Strike
0-1: Ball
1-1: Ball
2-1: Ball
3-1: Base on Balls
Pitching: RHP Doug García
Batting: RHB Jeremy Myrick 0-0: Ball
1-0: Fly out, F8 (Flyball, 8RS, EV 96.3 MPH)
Batting: SHB Ed Murray 0-0: Ball
1-0: Ball
2-0: Called Strike
2-1: Called Strike
2-2: Foul Ball, location: 5F
2-2: Strikes out swinging
Batting: RHB José Garza 0-0: Fielders Choice at 2nd, 5-4 (Groundball, 5, EV 87.5 MPH)
Top of the 6th over - 0 runs, 0 hits, 0 errors, 1 left on base; West Michigan 4 - Beloit 0
BOTTOM OF THE 6TH
Beloit Snappers batting - Pitching for West Michigan Whitecaps : RHP Jorge López
Batting: RHB Tetsuhiko Okubo 0-0: Swinging Strike
0-1: Ball
1-1: Foul Ball, location: 25F
1-2: Foul Ball, location: 9LMF
1-2: Ball
2-2: Ball
3-2: SINGLE (Line Drive, 9LS, EV 90.6 MPH)
Batting: LHB Alfredo Ramos 0-0: Swinging Strike
0-1: Grounds into double play, 6-4-3 (Groundball, 6, EV 108.1 MPH)
Batting: RHB Norberto Costello 0-0: DOUBLE (Line Drive, 5D, EV 108.8 MPH)
Batting: RHB Merlin Lucas 0-0: Called Strike
0-1: Called Strike
0-2: Strikes out swinging
Bottom of the 6th over - 0 runs, 2 hits, 0 errors, 1 left on base; West Michigan 4 - Beloit 0
TOP OF THE 7TH
West Michigan Whitecaps batting - Pitching for Beloit Snappers : RHP Doug García
Batting: RHB Dave LeBlanc 0-0: Swinging Strike
0-1: Ball
1-1: Foul Ball, location: 23F
1-2: Strikes out swinging
Batting: RHB Jesús Pérez 0-0: SINGLE (Line Drive, 9S, EV 102.5 MPH)
Batting: RHB José Peña 0-0: Ball
1-0: Called Strike
1-1: Foul Ball, location: 2RF
1-2: Fly out, F6 (Line Drive, 6, EV 68.8 MPH)
Batting: RHB Jim MacIntosh 0-0: Ball
1-0: Swinging Strike
1-1: Ball
2-1: Called Strike
2-2: Foul Ball, location: 25FF
2-2: Ball
3-2: Foul Ball, location: 2F
3-2: Strikes out looking
Top of the 7th over - 0 runs, 1 hit, 0 errors, 1 left on base; West Michigan 4 - Beloit 0
BOTTOM OF THE 7TH
Beloit Snappers batting - Pitching for West Michigan Whitecaps : RHP Jorge López
Batting: RHB Reggie Webster 0-0: DOUBLE (Flyball, 78D, EV 96.3 MPH)
Batting: RHB Ben Schneider 0-0: Called Strike
0-1: Called Strike
0-2: Fly out, F7 (Flyball, 7S, EV 71.9 MPH)
Batting: LHB Manny Huertas 0-0: Called Strike
0-1: Ball
1-1: Ball
2-1: Called Strike
2-2: Fly out, F8 (Flyball, 8LM, EV 83.1 MPH)
Batting: RHB Freddy Murphy 0-0: Called Strike
0-1: Foul Ball, location: 25F
0-2: Strikes out swinging
Bottom of the 7th over - 0 runs, 1 hit, 0 errors, 1 left on base; West Michigan 4 - Beloit 0
TOP OF THE 8TH
West Michigan Whitecaps batting - Pitching for Beloit Snappers : RHP Doug García
Batting: SHB Jesús Fernández 0-0: Called Strike
0-1: Ball
1-1: Foul Ball, location: 2F
1-2: Foul Ball, location: 2F
1-2: Strikes out swinging
Batting: RHB Dave Stratford 0-0: Ball
1-0: Called Strike
1-1: Ball
2-1: Fly out, F3 (Popup, 3SF, EV 85.0 MPH)
Batting: RHB Jeremy Myrick 0-0: Ball
1-0: DOUBLE (Line Drive, 5D, EV 99.4 MPH)
Batting: SHB Ed Murray 0-0: Called Strike
0-1: Ball
1-1: Foul Ball, location: 3F
1-2: Foul Ball, location: 2F
1-2: Hit by Pitch
Batting: RHB José Garza 0-0: Ball
1-0: Ball
2-0: Called Strike
2-1: Ground out 4-3 (Groundball, 4, EV 88.1 MPH)
Top of the 8th over - 0 runs, 1 hit, 0 errors, 2 left on base; West Michigan 4 - Beloit 0
BOTTOM OF THE 8TH
Beloit Snappers batting - Pitching for West Michigan Whitecaps : RHP Jorge López
Batting: RHB Caleb Wright 0-0: Called Strike
0-1: SINGLE (Groundball, 34D, EV 101.9 MPH)
Batting: RHB Tetsuhiko Okubo 0-0: Called Strike
0-1: Ball
1-1: Ball
2-1: Ball
3-1: Grounds into double play, 4-6-3 (Groundball, 4MD, EV 98.1 MPH)
Batting: LHB Alfredo Ramos 0-0: Called Strike
0-1: Fly out, F8 (Flyball, 8RM, EV 81.9 MPH)
Bottom of the 8th over - 0 runs, 1 hit, 0 errors, 0 left on base; West Michigan 4 - Beloit 0
TOP OF THE 9TH
West Michigan Whitecaps batting - Pitching for Beloit Snappers : RHP Doug García
Pitching: RHP Tony Henry
Batting: RHB Dave LeBlanc 0-0: Foul Ball, location: 3FF
0-1: Ball
1-1: Foul Ball, location: 7LSF
1-2: Ground out 4-3 (Groundball, 4S, EV 86.3 MPH)
Batting: RHB Jesús Pérez 0-0: Called Strike
0-1: Ball
1-1: Ball
2-1: Foul Ball, location: 9LDF
2-2: Ground out 5-3 (Groundball, 5D, EV 99.4 MPH)
Batting: RHB José Peña 0-0: Ball
1-0: Fly out, F7 (Flyball, 78M, EV 101.9 MPH)
Top of the 9th over - 0 runs, 0 hits, 0 errors, 0 left on base; West Michigan 4 - Beloit 0
BOTTOM OF THE 9TH
Beloit Snappers batting - Pitching for West Michigan Whitecaps : RHP Jorge López
Batting: RHB Norberto Costello 0-0: Ball
1-0: SINGLE (Line Drive, 8RS, EV 91.3 MPH)
Pitching: RHP Jeff Bradley
Batting: RHB Merlin Lucas 0-0: Ball
1-0: SINGLE (Line Drive, 56D, EV 102.5 MPH)
Norberto Costello to second
Pitching: RHP Derek Hoffman
Batting: RHB Reggie Webster 0-0: Ball
1-0: Fly out, F8 (Flyball, 8LD, EV 102.5 MPH)
Batting: RHB Ben Schneider 0-0: Fly out, F9 (Flyball, 89M, EV 100.6 MPH)
Pinch Hitting: RHB Kevin Davis 0-0: Called Strike
0-1: 3-RUN HOME RUN (Flyball, 89XD, EV 107.5 MPH), Distance : 400 ft
Pinch Hitting: LHB Jorge Castillo 0-0: Swinging Strike
0-1: Foul Ball, location: 7LSF
0-2: Fly out, F8 (Flyball, 8RXD, EV 95.0 MPH)
Bottom of the 9th over - 3 runs, 3 hits, 0 errors, 0 left on base; West Michigan 4 - Beloit 3
Friday, May 3rd , 2024 - OOTP Baseball 24.10 Build 82